AoeStats
← alonsof47

MegaRandom

503484591Analyzed
1v1 RM · 1mo ago on Aug 31, 2026· 47m 41s· 2 players
Game mode
Random Map
Map size
Tiny (2 player)
Population
200
Speed
Normal
Resources
Standard
Victory
Conquest
Starting age
Dark Age
Ending age
Imperial Age
RankedLock teamsTeams togetherTeam positionsShared explorationLock speedFull tech treeHidden civsTurbo modeCheats
Victory
Defeat
🇺🇸 Maya · United States
1000
+16
🇲🇽 Vietnamese · Mexico
1000
-48
alonsof47
9:40 Feudal Age
10:01 Man-at-Arms
10:41 Double-Bit Axe
16:31 Forging
19:17 Wheelbarrow
18:27 Horse Collar
24:22 Bloodlines
27:44 Castle Age
26:46 Fletching
28:42 Heavy Plow
29:23 Elite Skirmisher
36:47 Wheelbarrow
39:42 Scale Barding Armor
39:53 Husbandry
40:42 Bodkin Arrow
41:01 Town Watch
42:20 Chatras
44:10 Thumb Ring
44:53 Ballistics
44:39 Murder Holes
45:58 Gold Mining
45:59 Stone Mining
46:27 Bow Saw
46:44 Hand Cart
thenewt7
0:51 Loom
12:38 Feudal Age
14:03 Horse Collar
14:12 Double-Bit Axe
16:07 Fletching
16:45 Padded Archer Armor
23:48 Castle Age
22:18 Scale Mail Armor
23:52 Crossbowman
25:57 Squires
30:44 Eagle Warrior
32:27 Bodkin Arrow
33:23 Bow Saw
33:14 Elite Skirmisher
35:13 Hul'che Javelineers
36:40 Leather Archer Armor
38:42 Thumb Ring
42:02 Imperial Age
39:28 Arson
40:00 Forging
41:34 Iron Casting
41:51 Chain Mail Armor
43:24 Elite Eagle Warrior
46:53 Holcans
Connection lost

Rejoining the realm…

Still unreachable

The connection could not be restored.

Session expired

The server has moved on; the page needs a fresh start.